 Dungeon Sprint DCSS version 0.25.1-8-g42b30a86e7 (webtiles) character file.

Game seed: 7022490892455177286

2171 jbtxwes the Bludgeoner (level 9, -38/97 HPs)
             Began as a Hill Orc Fighter on Dec 11, 2020.
             Was an Elder of Beogh.
             Killed from afar by a deep elf knight (42 damage)
             ... with a shard of ice
             ... in the Dungeon (Sprint V: "Ziggurat Sprint").
             The game lasted 00:05:12 (318 turns).

jbtxwes the Bludgeoner (Hill Orc Fighter)            Turns: 318, Time: 00:05:13

Health: -38/97     AC: 27    Str: 28    XL:     9   Next: 32%
Magic:  12/12      EV:  0    Int:  8    God:    Beogh [****..]
Gold:   0          SH: 28    Dex: 16    Spells: 8/8 levels left

rFire    . . .     SeeInvis .   J - +6 shillelagh "Devastator" {shatter}
rCold    . . .     Gourm    .   H - +18 shield of the Gong {rElec rN+ MR+ EV-5}
rNeg     + . .     Faith    .   G - +15 Maxwell's patent armour {-Cast -Tele rElec MR+ rCorr}
rPois    .         Spirit   .   (no helmet)
rElec    +         Reflect  .   (no cloak)
rCorr    +         Harm     .   (no gloves)
MR       ++...     NoTele   +   (no boots) Stlth ..........NoCast +
                                (no amulet)
HPRegen  0.26/turn              A - +6 ring of strength
MPRegen  0.13/turn              w - +6 ring of dexterity

@: no status effects
A: no striking features
a: Smiting, Recall Orcish Followers, Renounce Religion


You were in the Dungeon.
You worshipped Beogh.
Beogh was greatly pleased with you.
You were not hungry.

You visited 1 branch

Inventory:

Hand Weapons
 I - the +8 lance "Wyrmbane" {slay drac, rPois rF+ rC+ AC+3}
   (You found it in the Dungeon)

   It affects your AC (+3).
   It protects you from fire.
   It protects you from cold.
   It protects you from poison.
 J - the +6 shillelagh "Devastator" (weapon) {shatter}
   (You found it in the Dungeon)
Armour
 G - the +15 Maxwell's patent armour (worn) {-Cast -Tele rElec MR+ rCorr}
   (You found it in the Dungeon)

   It insulates you from electricity.
   It affects your resistance to hostile enchantments.
   It prevents spellcasting.
   It prevents most forms of teleportation.
   It provides partial protection from all sources of acid and corrosion.
 H - the +18 shield of the Gong (worn) {rElec rN+ MR+ EV-5}
   (You found it in the Dungeon)

   It affects your evasion (-5).
   It insulates you from electricity.
   It protects you from negative energy.
   It affects your resistance to hostile enchantments.
Jewellery
 n - an uncursed ring of magical power
 v - an uncursed ring of flight
 w - a +6 ring of dexterity (right hand)
 z - a +6 ring of intelligence
 A - a +6 ring of strength (left hand)
 B - a +6 ring of strength
Wands
 C - a wand of disintegration (7)
 D - a wand of iceblast (7)
 E - a wand of acid (7)
Scrolls
 j - 4 scrolls of blinking
 p - 4 scrolls of amnesia
 q - 7 scrolls of fog
 r - a scroll of holy word
 s - 5 scrolls of identify
 t - 5 scrolls of remove curse
 u - 2 scrolls of fear
Potions
 c - 6 potions of might
 e - 10 potions of curing
 f - 10 potions of heal wounds
 g - 6 potions of haste
 h - 7 potions of magic
 i - 3 potions of berserk rage
 k - 2 potions of brilliance
 l - 2 potions of invisibility
 m - 4 potions of resistance
 o - 5 potions of stabbing
Miscellaneous
 a - a box of beasts
 b - a tin of tremorstones (3/3)
 F - a lightning rod (4/4)
Comestibles
 d - 7 rations


   Skills:
 * Level 15.0 Fighting
 - Level 15.7 Maces & Flails
 - Level 4.9 Armour
 - Level 3.2 Shields
 - Level 2.1 Unarmed Combat
 + Level 4.0 Invocations
 + Level 3.0 Evocations


You had 8 spell levels left.
You didn't know any spells.
Your spell library contained the following spells:

 Spells                   Type           Power        Failure   Level  Hunger
 Apportation              Tloc           #.....       100%        1    ##.....
 Beastly Appendage        Tmut           #.....       100%        1    ##.....
 Shock                    Conj/Air       #...         100%        1    ##.....
 Summon Butterflies       Summ           #.......     100%        1    ##.....
 Corpse Rot               Necr/Air       N/A          100%        2    ###....
 Poisonous Vapours        Pois/Air       #.....       100%        2    ###....
 Sticks to Snakes         Tmut           #.......     100%        2    ###....
 Lesser Beckoning         Tloc           #.........   100%        3    ####...
 Spider Form              Tmut/Pois      #.........   100%        3    ####...
 Tukima's Dance           Hex            #.......     100%        3    ####...
 Airstrike                Air            #.........   100%        4    #####..
 Cause Fear               Hex            #.........   100%        4    #####..
 Ice Form                 Ice/Tmut       #.......     100%        4    #####..
 Alistair's Intoxication  Tmut/Pois      #.......     100%        5    ######.
 Blade Hands              Tmut           #.........   100%        5    ######.
 Bolt of Magma            Conj/Fire/Erth #.........   100%        5    ######.
 Iskenderun's Battlesphe  Conj/Chrm      #.......     100%        5    ######.
 Silence                  Hex/Air        #.........   100%        5    ######.
 Yara's Violent Unravell  Hex/Tmut       #.........   100%        5    ######.
 Darkness                 Hex            #.........   100%        6    #######
 Invisibility             Hex            #.......     100%        6    #######
 Iron Shot                Conj/Erth      #.........   100%        6    #######
 Orb of Destruction       Conj           #.........   100%        7    #######
 Spellforged Servitor     Conj/Summ      #.........   100%        7    #######
 Discord                  Hex            #.........   100%        8    #######


Dungeon Overview and Level Annotations

Branches:
Dungeon (1/1)

Altars:
Ashenzari
Cheibriados
Dithmenos
Elyvilon
Fedhas
Gozag
Hepliaklqana
Kikubaaqudgha
Makhleb
Nemelex Xobeh
Okawaru
Qazlal
Ru
Sif Muna
Trog
Uskayaw
Vehumet
Wu Jian
Xom
Yredelemnul
Zin
The Shining One
Beogh
Jiyva
Lugonu

Annotations:
D 1 transporter


Message History

The deep elf archer is severely wounded. x2
Something hits you but does no damage. You block the deep elf archer's attack.
PTOANNNG!
You bludgeon the deep elf archer!!
You kill the deep elf archer!
Beogh accepts your kill.
Your Fighting skill gained 2 levels and is now at level 15!
Something hits you!
* * * LOW HITPOINT WARNING * * *
You closely miss something.
You hear some strange, mumbled words.
A shard of ice appears from out of thin air!
You block the shard of ice.
PTOANNNG!
Something blocks your attack. Something hits you but does no damage.
You closely miss something.
You hear some strange, mumbled words.
A shard of ice appears from out of thin air!
The shard of ice hits you!!!
You die...

▓.....▓.....▓..©..▓
▓..©..▓..©..▓▓▓▓▓▓▓
▓▓▓▓▓▓▓▓▓▓▓▓▓▓▓▓▓▓▓
▓..8©8...▓..8©8...▓
▓..).....▓..)::...▓
▓...}....▓..:.)...▓
▓...)....▓........▓
▓....†...▓).......▓
▓.▓....▓.▓@▓....▓.▓
▓...©....▓({e©....▓
▓▓▓▓▓▓▓▓▓▓▓▓▓▓▓▓▓▓▓


You could see a deep elf mage.

Vanquished Creatures
  A deep elf archer (D)
  2 deep elf magi (D)
  2 rime drakes (D)
  2 swamp drakes (D)
  A necrophage (D)
  A phantom (D)
  A wight (D)
  A jelly (D)
  An iron imp (D)
  A white imp (D)
  An ooze (D)
  A bat skeleton (D)
  A bat zombie (D)
16 creatures vanquished.

Vanquished Creatures (others)
  2 spatial maelstroms (D)
2 creatures vanquished.

Grand Total: 18 creatures vanquished

Notes
Turn   | Place    | Note
-------+----------+-------------------------------------------
     0 | D        | jbtxwes the Hill Orc Fighter began the quest for the Orb.
     0 | D        | Reached XP level 1. HP: 19/19 MP: 1/1
     1 | D        | Banished a spatial maelstrom
     6 | D        | Became a worshipper of Beogh the Brigand
    10 | D        | Banished a spatial maelstrom
    13 | D        | Found a shimmering blue altar of Sif Muna.
    13 | D        | Found a bloodstained altar of Trog.
    13 | D        | Found a sacrificial altar of Ru.
    13 | D        | Found a stormy altar of Qazlal.
    13 | D        | Found an iron altar of Okawaru.
    14 | D        | Found a sparkling altar of Nemelex Xobeh.
    14 | D        | Found a blossoming altar of Fedhas.
    15 | D        | Found the +6 Majin-Bo {vamp, Archmagi MP+6 Int+6}
    15 | D        | Found the +7 great mace "Firestarter" {inner flame, rF++}
    16 | D        | Found a transporter.
    16 | D        | Found an ancient bone altar of Kikubaaqudgha.
    16 | D        | Found a viscous altar of Jiyva.
    16 | D        | Found a corrupted altar of Lugonu.
    16 | D        | Found a hazy altar of Hepliaklqana.
    16 | D        | Found a burning altar of Makhleb.
    16 | D        | Found an opulent altar of Gozag.
    35 | D        | Found the +9 heavy crossbow "Sniper" {vorpal, Acc+∞ SInv}
    35 | D        | Found the +10 dark maul {vorpal}
    35 | D        | Found the +15 Maxwell's patent armour {-Cast -Tele rElec
                  | MR+ rCorr}
    35 | D        | Found the +18 shield of the Gong {rElec rN+ MR+ EV-5}
    35 | D        | Found the cursed +14 obsidian axe {vorpal, +Fly SInv
                  | *Curse}
    37 | D        | Found the +6 shillelagh "Devastator" {shatter}
    37 | D        | Found the +11 plutonium sword {*Contam Stlth-}
    37 | D        | Found the +8 lance "Wyrmbane" {slay drac, rPois rF+ rC+
                  | AC+3}
    37 | D        | Found the +9 sword of Zonguldrok {reap}
    37 | D        | Found the cursed +13 scythe of Curses {drain, *Curse}
    37 | D        | Found the +0 sword of Power
    37 | D        | Found the +7 mace of Variability {chain chaos}
    37 | D        | Found the +7 Singing Sword {vorpal, sonic wave}
    37 | D        | Found the +8 storm bow {elec, penet}
    62 | D        | Reached XP level 2. HP: 26/26 MP: 1/5
   114 | D        | Entered arena 2.
   114 | D        | Found a transporter.
   118 | D        | Reached XP level 3. HP: 29/31 MP: 6/6
   138 | D        | Entered arena 3.
   138 | D        | Found a transporter.
   140 | D        | Reached * piety under Beogh
   144 | D        | Reached XP level 4. HP: 39/39 MP: 7/7
   152 | D        | Got Fesuimm's Reference Book on Cloudy Hexes
   156 | D        | Entered arena 4.
   156 | D        | Noticed a rime drake
   156 | D        | Noticed a swamp drake
   156 | D        | Noticed a rime drake
   156 | D        | Noticed a swamp drake
   156 | D        | Found a transporter.
   169 | D        | Killed a swamp drake
   169 | D        | Reached ** piety under Beogh
   169 | D        | Reached XP level 5. HP: 32/45 MP: 8/8
   175 | D        | Killed a swamp drake
   175 | D        | Reached XP level 6. HP: 37/51 MP: 9/9
   179 | D        | Killed a rime drake
   179 | D        | Reached XP level 7. HP: 42/57 MP: 10/10
   187 | D        | Killed a rime drake
   187 | D        | Reached skill level 15 in Maces & Flails
   267 | D        | Entered arena 5.
   267 | D        | Found a transporter.
   269 | D        | Reached *** piety under Beogh
   270 | D        | Reached skill level 5 in Fighting
   274 | D        | Reached **** piety under Beogh
   274 | D        | Reached XP level 8. HP: 71/73 MP: 11/11
   290 | D        | Entered arena 6.
   290 | D        | Noticed a deep elf knight
   290 | D        | Noticed a deep elf mage
   290 | D        | Noticed a deep elf mage
   290 | D        | Noticed a deep elf archer
   290 | D        | Noticed a deep elf mage
   290 | D        | Found a transporter.
   300 | D        | Killed a deep elf mage
   312 | D        | Killed a deep elf mage
   312 | D        | Reached XP level 9. HP: 39/93 MP: 12/12
   315 | D        | Killed a deep elf archer
   315 | D        | Reached skill level 15 in Fighting
   315 | D        | HP: 4/97 [something (9)]
   318 | D        | Killed from afar by a deep elf knight

Illustrated notes

Levels and vault maps discovered:
D:        sprint_v [room_start, room_1, room_2, room_3, room_4, room_5, room_6,
          room_7, room_8, room_9, room_10, room_11, room_12, room_13, room_14,
          room_15, room_16, room_17, room_18, room_19, room_20, room_21,
          room_22, room_23, room_24, room_25, room_26, room_27]

Skill      XL: |  1  2  3  4  5  6  7  8  9 |
---------------+----------------------------+-----
Maces & Flails | 4 6 8 11 14 15 | 15.7
Armour         | 4 |  4.9
Invocations    | 4 |  4.0
Evocations     | 3 |  3.0
Fighting       | 7 13 15 | 15.0
Shields        | |  3.2
Unarmed Combat | |  2.1

Action                   |  1- 3 |  4- 6 |  7- 9 || total
-------------------------+-------+-------+-------++-------
Melee: Shillelagh        |     9 |    12 |    33 ||    54
  Use: Potion            |     1 |       |       ||     1
 Stab: Confused          |       |       |     1 ||     1
Armor: Plate armour      |     2 |    10 |     9 ||    21
Dodge: Dodged            |       |     2 |       ||     2
Block: Kite shield       |    12 |    12 |    34 ||    58
